 Dungeon Crawl Stone Soup version 0.26-b1-32-g5d43845318 (webtiles) character file.

Game seed: 13974587887890881699

210 MTVSty1e the Chopper (level 5, 0/34 HPs)
             Began as a Gargoyle Monk on Jan 10, 2021.
             Slain by a gnoll
             ... wielding a +0 spear
              (6 damage)
             ... on level 3 of the Dungeon.
             The game lasted 00:02:50 (2824 turns).

MTVSty1e the Chopper (Gargoyle Monk)                Turns: 2824, Time: 00:02:51

Health: 0/34       AC:  7    Str: 14    XL:     5   Next: 87%
Magic:  5/5        EV: 12    Int:  8    God:
Gold:   222        SH:  0    Dex: 14    Spells: 4/4 levels left

rFire    + . .     SeeInvis .   n - +0 war axe
rCold    . . .     Faith    .   (no shield)
rNeg     + + .     Spirit   .   d - +0 leather armour {rF+}
rPois    ∞         Reflect  .   (no helmet)
rElec    +         Harm     .   (no cloak)
rCorr    .         Rampage  .   (no gloves)
Will     .....                  (no boots)
Stlth    ..........             (no amulet)
HPRegen  0.11/turn              e - ring of attention (curse)
MPRegen  0.09/turn              f - ring of positive energy

@: confused
A: big wings, agile 1, dopey 1, negative energy resistance 1, electricity
resistance, weak 1, unbreathing, petrification resistance, miasma immunity, AC
+4
a: Fly


You were on level 3 of the Dungeon.
You visited 1 branch of the dungeon, and saw 3 of its levels.

You collected 222 gold pieces.

Inventory:

Hand Weapons
 a - a +0 hand axe
 n - a +0 war axe (weapon)
Armour
 b - a +0 robe
 d - a +0 leather armour of fire resistance (worn)
Jewellery
 e - a cursed ring of attention (left hand)
 f - a ring of positive energy (right hand)
Scrolls
 h - 2 scrolls of fog
 j - a scroll of teleportation
 m - a scroll of remove curse {unknown}
Potions
 g - a potion of curing {unknown}
 i - 4 potions of degeneration {unknown}
 k - a potion of ambrosia
 l - a potion of attraction {unknown}


   Skills:
 + Level 4.7 Fighting
 * Level 5.0 Axes
 - Level 2.4 Dodging
 - Level 2.1 Stealth


You had 4 spell levels left.
You didn't know any spells.
Your spell library was empty.

Dungeon Overview and Level Annotations

Branches:
Dungeon (3/15)

Altars:
Dithmenos
Hepliaklqana
Qazlal
Ru


Innate Abilities, Weirdness & Mutations

You are resistant to torment.
Your stone body is resilient. (AC +4)
You are immune to poison.
You resist negative energy. (rN+)
You are resistant to electric shocks. (rElec)
You can survive without breathing.
You are immune to petrification.
You are immune to miasma.
Your large and strong wings let you fly indefinitely.
You are agile. (Dex +2)
You are dopey. (Int -2)
You are weak. (Str -2)


Message History

You are too injured to fight recklessly!
You are too injured to fight recklessly!
Unknown command.
The gnoll closely misses you. The gnoll barely misses you.
You hit the gnoll but do no damage. You barely miss the gnoll.
The gnoll closely misses you. The gnoll hits you with a +0 spear. x2
* * * LOW HITPOINT WARNING * * *
You slash the gnoll!
You kill the gnoll!
You completely miss the gnoll. The gnoll hits you with a +0 spear.
* * * LOW HITPOINT WARNING * * *
Your Axes skill increases to level 5!
It was a potion of mutation.
You feel extremely strange.
Your wings grow larger and stronger.
You feel stupid.
You feel weaker.
You feel agile. The gnoll completely misses you.
It was a potion of ambrosia.
You are confused.
You feel invigorated. The gnoll hits you with a +0 spear.
You die...

#........ #.#.#.#..
#........ #.#.#.#..
#........ ######
##.#.#.#..
#....######)........
#...........@)....$#
#....####..g).......
#....# #...........
###.#####...........
#.†..............#
##................
#####
#.........###...#
#...# #.......[.#
#...
#...###.........


You could see a gnoll.

Vanquished Creatures
  Jessica (D:2)
  3 gnolls (D:3)
  8 adders
  An ooze (D:2)
  2 worms (D:2)
  A dart slug (D:2)
  3 leopard geckos
  An orc (D:3)
  A ball python (D:1)
  4 giant cockroaches
  15 goblins
  A hobgoblin (D:1)
  5 jackals (D:1)
  5 kobolds
  A quokka (D:2)
  6 bats
  5 frilled lizards
  8 rats
71 creatures vanquished.

Notes
Turn   | Place    | Note
-------+----------+-------------------------------------------
     0 | D:1      | MTVSty1e the Gargoyle Monk began the quest for the Orb.
     0 | D:1      | Reached XP level 1. HP: 14/14 MP: 1/1
   125 | D:1      | Reached skill level 3 in Axes
   159 | D:1      | Reached XP level 2. HP: 19/19 MP: 2/2
   816 | D:1      | Reached XP level 3. HP: 24/24 MP: 3/3
   851 | D:2      | Found a hazy altar of Hepliaklqana.
  1015 | D:2      | Found a shadowy altar of Dithmenos.
  1075 | D:2      | Reached XP level 4. HP: 29/29 MP: 4/4
  1083 | D:2      | Reached skill level 4 in Axes
  1329 | D:2      | Noticed Jessica
  1339 | D:2      | Killed Jessica
  1629 | D:2      | Reached XP level 5. HP: 21/34 MP: 5/5
  1814 | D:2      | Found a sacrificial altar of Ru.
  1814 | D:2      | Found a stormy altar of Qazlal.
  2823 | D:3      | Reached skill level 5 in Axes
  2823 | D:3      | Gained mutation: Your large and strong wings let you fly
                  | indefinitely. [potion of mutation]
  2823 | D:3      | Gained mutation: You are dopey. (Int -2) [potion of
                  | mutation]
  2823 | D:3      | Gained mutation: You are weak. (Str -2) [potion of
                  | mutation]
  2823 | D:3      | Gained mutation: You are agile. (Dex +2) [potion of
                  | mutation]
  2824 | D:3      | Slain by a gnoll

Illustrated notes

Levels and vault maps discovered:
D:1:      ncdulo_wetmaze, layout_basic, corexii_hall_statues_deadend
D:2:      layout_basic, amethyst_overflow_temple_binary,
          nzn_hepliaklqana_mist_gate, nicolae_overflow_hidden_temple,
          grunt_dithmenos_smoke, minmay_split_cup_small, uniq_jessica
D:3:      layout_rooms, fiery_altar_vehumet, kennysheep_ying_yang, serial_glass,
          glass_columns_b, glass_columns_a, glass_columns_a, glass_columns_a

Skill      XL: |  1  2  3  4  5 |
---------------+----------------+-----
Axes           | 3 4 5 |  5.0
Fighting       | 4 |  4.7
Dodging        | |  2.4
Stealth        | |  2.1

Action                   |  1- 3 |  4- 6 || total
-------------------------+-------+-------++-------
Melee: Hand axe          |    87 |   126 ||   213
       War axe           |       |     8 ||     8
  Use: Scroll            |       |     4 ||     4
       Potion            |       |     3 ||     3
Armor: Robe              |     8 |       ||     8
       Leather armour    |    29 |    52 ||    81
Dodge: Dodged            |    56 |    98 ||   154
